 Dungeon Crawl Stone Soup version 0.30-a0-782-ge64f9170bb (webtiles) character file.

Game seed: 4271656166464179230

1557 BRD the Carver (level 8, -1/56 (68) HPs)
             Began as a Barachi Reaver on Feb 22, 2023.
             Was a Believer of Cheibriados.
             Slain by a wight
             ... wielding a +2 halberd
              (8 damage)
             ... on level 6 of the Dungeon.
             The game lasted 00:12:17 (5779 turns).

BRD the Carver (Barachi Reaver)                     Turns: 5779, Time: 00:12:18

HP:   -1/56 (68)    AC: 11    Str: 19    XL:     8   Next: 88%
MP:   13/13         EV:  9    Int: 21    God:    Cheibriados [**....]
Gold: 400           SH:  0    Dex: 18    Spells: 5/14 levels left

rFire   . . .      SeeInvis .    a - +0 falchion (spect)
rCold   . . .      Faith    .    (no shield)
rNeg    . . .      Spirit   .    i - +0 chain mail
rPois   .          Reflect  .    (helmet restricted)
rElec   .          Harm     .    B - scarf {repulsion}
rCorr   .          Rampage  .    (no gloves)
Will    +....                    C - +0 pair of boots Stlth
                                 (no amulet)
HPRegen 0.29/turn                (no ring)
MPRegen 0.13/turn                (no ring)

@: heavily drained, repel missiles, very slow
A: amphibious, slowness 1, strong legs 1, +LOS, horns 1, strong-willed 1
a: Hop, Renounce Religion, Bend Time


You were on level 6 of the Dungeon.
You worshipped Cheibriados.
Cheibriados was pleased with you.
You visited 1 branch of the dungeon, and saw 6 of its levels.
You also visited: Ossuary.

You collected 400 gold pieces.

Inventory:

Hand Weapons
 a - a +0 spectral falchion (weapon)
Missiles
 e - 4 poisoned darts
Armour
 i - a +0 chain mail (worn)
 B - a scarf of repulsion (worn)
 C - a +0 pair of boots (worn)
Magical Staves
 q - a staff of earth
Jewellery
 y - a +6 ring of intelligence
Wands
 g - a wand of paralysis (7)
 o - a wand of mindburst (6)
Scrolls
 b - a scroll of brand weapon
 f - 4 scrolls of blinking
 j - a scroll of amnesia
 k - a scroll of torment
 l - a scroll of silence
 n - a scroll of vulnerability {unknown}
 r - a scroll of noise {unknown}
 u - 2 scrolls of enchant weapon
 v - a scroll of acquirement {unknown}
 z - a scroll of fear {unknown}
 A - a scroll of poison {unknown}
 D - a scroll of fog {unknown}
Potions
 c - 5 potions of brilliance
 d - 3 potions of lignification
 h - a potion of might {unknown}
 m - a potion of curing
 p - a potion of ambrosia {unknown}
 s - 2 potions of flight {unknown}
 w - 3 potions of heal wounds {unknown}
 x - 2 potions of mutation


   Skills:
 - Level 8.0 Fighting
 - Level 8.0 Long Blades
 - Level 5.0 Armour
 - Level 3.0 Dodging
 + Level 3.7 Spellcasting
 - Level 3.2 Conjurations
 + Level 3.0 Fire Magic


You had 5 spell levels left.
You knew the following spells:

 Your Spells              Type           Power      Damage    Failure   Level
a - Kiss of Death         Conj/Necr      40%        2d8       54%         1
b - Ignition              Fire           8%         3d5       100%        8

Your spell library contained the following spells:

 Spells                   Type           Power      Damage    Failure   Level
 Momentum Strike          Conj/Tloc      20%        3d8       67%         2
 Dazzling Flash           Conj/Hex       20%        N/A       88%         3
 Hailstorm                Conj/Ice       10%        3d5       88%         3
 Ignite Poison            Fire/Tmut/Pois 8%         N/A       94%         3
 Sticky Flame             Conj/Fire      17%        2d4       98%         4
 Iskenderun's Mystic Bla  Conj/Tloc      10%        2d4       99%         4
 Starburst                Conj/Fire      8%         6d4       100%        6


Dungeon Overview and Level Annotations

Branches:
Dungeon (6/15)            Ossuary (visited)
 Temple: D:4-7

Altars:
Cheibriados

Annotations:
D:1 2 transporters
D:3 1 runed translucent door, Crazy Yiuf, Jessica
D:6 Eustachio


Innate Abilities, Weirdness & Mutations

You are amphibious.
You cover ground slowly.
You can hop short distances.
You have an extended range of vision and can be seen from far away.
You have a pair of small horns on your head.
You are strong-willed. (Will+)


Message History

You slash the wight!
You destroy the wight!
Cheibriados appreciates the change of pace.
The wight closely misses you.
Your Fire Magic skill increases to level 3!
The wight hits you from afar with a +3 spear of freezing.
* * * LOW HITPOINT WARNING * * *
You feel drained.
* * * LOW HITPOINT WARNING * * *
The wight freezes you.
* * * LOW HITPOINT WARNING * * *
The wight barely misses you.
Things that are here:
a +0 flail; a +0 robe; a scroll labelled MIGIFOU MOTRES You feel better.
The wight closely misses you. The wight hits you with a +2 halberd.
* * * LOW HITPOINT WARNING * * *
You feel drained.
* * * LOW HITPOINT WARNING * * *
You closely miss the wight.
The wight hits you from afar with a +3 spear of freezing.
* * * LOW HITPOINT WARNING * * *
The wight freezes you.
* * * LOW HITPOINT WARNING * * *
The wight hits you with a +2 halberd.
* * * LOW HITPOINT WARNING * * *
You feel drained.
* * * LOW HITPOINT WARNING * * *
You hit the wight.
The wight is lightly damaged.
The wight hits you but does no damage. The wight barely misses you.
You hit the wight but do no damage.
The wight is lightly damaged.
The wight hits you but does no damage. The wight barely misses you.
The wight hits you from afar with a +2 halberd.
* * * LOW HITPOINT WARNING * * *
You feel drained.
* * * LOW HITPOINT WARNING * * *
The wight hits you from afar with a +2 halberd!
You die...

.###.........#. .............#.#
#.#....... ............ #.#
......... ...... .... #.#
......... ....#####..# #.#
###........ .......##..# #.#
............ ....##.รท##.# #.#
....#......c.
.(..###....###.####z....#.O......
##### ###)..)...@)zz....#........
###.##.####z....##.l5.... #.#..#
....##..z.... #.#.## ...#........
#.#.# ..#.z.5.... #...#
.#........ ##### #>.......
#........ ##.......


You could see 4 wights.

Vanquished Creatures
  Menkaure (D:4)
  A black bear (D:5)
  A centaur (D:6)
  2 necrophages (D:5)
  5 scorpions
  A wight (D:6)
  4 water moccasin zombies (Ossuary)
  A howler monkey (D:6)
  3 hounds
  A jelly (D:6)
  6 iguanas
  Terence (D:3)
  3 mummies
  6 adders
  3 gnolls (D:6)
  2 white imps
  2 adder zombies (Ossuary)
  3 worms
  4 dart slugs (D:1)
  5 orcs
  8 endoplasms
  4 giant cockroaches
  4 goblins
  6 hobgoblins
  2 jackals (D:4)
  5 kobolds
  5 quokkas
  7 ball pythons
  4 bats
  3 frilled lizards
  5 gnoll zombies (Ossuary)
  A goblin zombie (D:4)
  6 hobgoblin zombies (Ossuary)
  2 kobold zombies (Ossuary)
  9 orc zombies (Ossuary)
  A quokka zombie (D:4)
  7 rats
134 creatures vanquished.

Notes
Turn   | Place    | Note
-------+----------+-------------------------------------------
     0 | D:1      | BRD the Barachi Reaver began the quest for the Orb.
     0 | D:1      | Reached XP level 1. HP: 17/17 MP: 3/3
   174 | D:1      | Reached XP level 2. HP: 23/23 MP: 5/5
   274 | D:1      | Reached skill level 1 in Armour
   516 | D:1      | Reached XP level 3. HP: 25/28 MP: 6/6
  1134 | D:2      | Gained mutation: You have a pair of small horns on your
                  | head. [potion of mutation]
  1134 | D:2      | Gained mutation: You are strong-willed. (Will+) [potion of
                  | mutation]
  1505 | D:3      | Reached XP level 4. HP: 17/35 MP: 7/7
  1881 | D:3      | Identified the +4 whip "Imaidgh" {spect, rElec}
  1924 | D:3      | Noticed Terence
  1941 | D:3      | Killed Terence
  1942 | D:3      | Reached XP level 5. HP: 9/42 MP: 8/8
  2157 | D:3      | Found a snail-covered altar of Cheibriados.
  2216 | D:3      | Became a worshipper of Cheibriados the Contemplative
  2245 | D:3      | Found a runed translucent door.
  2245 | D:3      | Noticed Jessica
  2245 | D:3      | Noticed Crazy Yiuf
  2757 | D:4      | Reached skill level 5 in Long Blades
  2757 | D:4      | Reached XP level 6. HP: 49/49 MP: 9/9
  2832 | D:4      | Noticed Menkaure
  2841 | D:4      | Killed Menkaure
  2891 | D:4      | Found a sand-covered staircase.
  2898 | Ossuary  | Entered an ossuary
  2931 | Ossuary  | Reached skill level 5 in Fighting
  2948 | Ossuary  | Reached * piety under Cheibriados
  2949 | Ossuary  | Reached XP level 7. HP: 56/56 MP: 10/10
  3061 | Ossuary  | Reached skill level 5 in Armour
  3613 | D:4      | Identified the +3 spear "Dapsan" {freeze, rElec Will- Str+3
                  | Int+3}
  4096 | D:5      | Entered Level 5 of the Dungeon
  4146 | D:5      | Reached ** piety under Cheibriados
  4255 | D:5      | Reached XP level 8. HP: 60/65 MP: 11/11
  4495 | D:5      | Learned a level 8 spell: Ignition
  4686 | D:5      | Reached skill level 1 in Fire Magic
  5357 | D:6      | Noticed Eustachio
  5779 | D:6      | Slain by a wight

Illustrated notes

Levels and vault maps discovered:
D:1:      spicycebolla_arrival_transporter_tutorial, layout_loops_ring
D:2:      layout_rooms
D:3:      layout_rooms, slow_altar_2, serial_curves, eino_curves_03,
          eino_curves_01, minmay_misc_feat_hallway, uniq_crazy_yiuf_cottage,
          uniq_jessica, uniq_terence
D:4:      layout_layer_cave, serial_glass, glass_columns_a, glass_columns_a,
          minmay_strange_pillars, enter_ossuary_4, uniq_menkaure
D:5:      layout_loops_cross, roderic_three_in_a_row, st_stairs_12
D:6:      layout_rooms, uniq_eustachio

Skill      XL: |  1  2  3  4  5  6  7  8 |
---------------+-------------------------+-----
Armour         | 1 2 3 4 5 |  5.0
Long Blades    | 4 5 7 8 |  8.0
Fighting       | 3 4 5 6 8 |  8.0
Dodging        | 3 |  3.0
Fire Magic     | 3 |  3.0
Spellcasting   | 3 |  3.7
Conjurations   | |  3.2

Action                     |  1- 3 |  4- 6 |  7- 9 || total
---------------------------+-------+-------+-------++-------
  Melee: Falchion          |   168 |   160 |   218 ||   546
         Headbutt          |     4 |    28 |    52 ||    84
         Punch             |       |     1 |     2 ||     3
Ability: Hop               |       |       |     1 ||     1
  Evoke: Wand              |       |     1 |       ||     1
    Use: Potion            |     3 |       |     4 ||     7
         Scroll            |       |     5 |     7 ||    12
   Stab: Paralysed         |       |     7 |       ||     7
 Armour: Leather armour    |     4 |       |       ||     4
         Scale mail        |    71 |    32 |       ||   103
         Chain mail        |       |    24 |   104 ||   128
  Dodge: Dodged            |    76 |    61 |    78 ||   215
         Repelled          |       |       |     1 ||     1

Table legend: (Time is in decaauts)
 A = Elapsed time spent in this place.
 B = Non-inter-level travel time spent in this place.
 C = Inter-level travel time spent in this place.
 D = Time resting spent in this place.
 E = Time spent auto-exploring this place.
 F = Levels seen in this place.
 G = Mean time per level.
                   A        B        C        D        E       F      G
               +--------+--------+--------+--------+--------+-----+--------+
         Total |   7381 |   7142 |    239 |    878 |   4893 |   7 | 1054.4 |
       Dungeon |   6983 |   6744 |    239 |    772 |   4764 |   6 | 1163.8 |
       Ossuary |    398 |    398 |      0 |    106 |    128 |   1 |  398.0 |
               +--------+--------+--------+--------+--------+-----+--------+

Top non-repeatable levels by time:
     D:4: 1565 daAuts
     D:3: 1493 daAuts
     D:5: 1482 daAuts
     D:1: 997 daAuts
     D:6: 741 daAuts
     D:2: 704 daAuts
 Ossuary: 398 daAuts
